 Dungeon Crawl Stone Soup version 0.28.0-53-g5a82cb258f (webtiles) character file.

Game seed: 9742832522198172733

324 yokelz the Sneak (level 6, -1/47 HPs)
             Began as a Demonspawn Brigand on Aug 15, 2022.
             Slain by Grinder (2 damage)
             ... while paralysed by Grinder
             ... on level 3 of the Dungeon.
             The game lasted 00:08:44 (3301 turns).

yokelz the Sneak (Demonspawn Brigand)               Turns: 3301, Time: 00:08:45

Health: -1/47      AC:  6    Str: 12    XL:     6   Next: 23%
Magic:  6/6        EV:  2    Int: 12    God:
Gold:   86         SH:  0    Dex: 16    Spells: 5/5 levels left

rFire   . . .      SeeInvis .   a - +2 dagger
rCold   + . .      Faith    .   (no shield)
rNeg    . . .      Spirit   .   i - +0 leather armour
rPois   .          Reflect  .   (no helmet)
rElec   .          Harm     .   n - +0 cloak
rCorr   .          Rampage  .   (no gloves)
Will    .....                   (no boots)
Stlth   +++.......              (no amulet)
HPRegen 0.15/turn               l - ring of protection from cold
MPRegen 0.10/turn               (no ring)

@: paralysed
A: claws 1, yellow scales 1, demonic guardian 2
a: no special abilities


You were on level 3 of the Dungeon.
You visited 1 branch of the dungeon, and saw 3 of its levels.

You collected 86 gold pieces.

Inventory:

Hand Weapons
 a - a +2 dagger (weapon)
Missiles
 u - 6 javelins (quivered)
Armour
 b - a +0 robe
 c - a +0 cloak
 g - a scarf of shadows
 i - a +0 leather armour (worn)
 n - a +0 cloak (worn)
 o - a +0 ring mail
 r - a +0 chain mail
Jewellery
 l - a ring of protection from cold (left claw)
Scrolls
 h - 4 scrolls of identify {unknown}
 j - 2 scrolls of immolation {unknown}
 k - 2 scrolls of fear {unknown}
 p - 2 scrolls of silence {unknown}
 s - a scroll of enchant weapon {unknown}
 t - 2 scrolls of magic mapping {unknown}
 v - a scroll of amnesia {unknown}
Potions
 f - a potion of curing
 m - a potion of invisibility {unknown}
 q - a potion of haste {unknown}


   Skills:
 - Level 3.4 Fighting
 + Level 3.0 Short Blades
 - Level 3.0 Throwing
 - Level 2.6 Dodging
 + Level 4.6 Stealth


You had 5 spell levels left.
You didn't know any spells.
Your spell library contained the following spells:

 Spells                   Type           Power      Damage    Failure   Level
 Corpse Rot               Necr/Air       0%         N/A       54%         2
 Petrify                  Tmut/Erth      0%         N/A       99%         4
 Simulacrum               Ice/Necr       0%         N/A       100%        6
 Haunt                    Necr/Summ      0%         N/A       100%        7


Dungeon Overview and Level Annotations

Branches:
Dungeon (3/15)

Altars:

Annotations:
D:3 Grinder


Innate Abilities, Weirdness & Mutations

You have sharp fingernails.
You are partially covered in yellow scales. (AC +2)
A demonic guardian rushes to your aid.


Message History

Press: ? - help, Q - select action, (/) - cycle Shift-Dir - straight line, f/p - Grinder
Aim: Grinder (severely wounded, 58% to hit)
You throw a poisoned dart. The poisoned dart hits Grinder.
Grinder is severely wounded.
Unknown command.
Throw: dart (poison)
Press: ? - help, Q - select action, (/) - cycle Shift-Dir - straight line, f/p - Grinder
Aim: Grinder (severely wounded, 58% to hit)
You throw a poisoned dart. The poisoned dart hits Grinder.
Grinder is severely wounded.
Grinder misses you.
Throw: 2 darts (curare)
Press: ? - help, Q - select action, (/) - cycle Shift-Dir - straight line, f/p - Grinder
Aim: Grinder (severely wounded, 58% to hit)
You throw a curare-tipped dart.
The curare-tipped dart closely misses Grinder.
Grinder blinks!
Throw: dart (curare)
Press: ? - help, Q - select action, (/) - cycle Shift-Dir - straight line, f/p - Grinder
Aim: Grinder (severely wounded, 58% to hit)
You throw a curare-tipped dart.
The curare-tipped dart closely misses Grinder.
Unknown command.
Grinder gestures at you.
You suddenly lose the ability to move!
Grinder says, "Wait up."
Grinder gestures at you. Pain shoots through your body!
* * * LOW HITPOINT WARNING * * *
Grinder blinks!
Grinder hits you!
* * * LOW HITPOINT WARNING * * *
A demonic guardian appears!
You writhe in agony.
* * * LOW HITPOINT WARNING * * *
Grinder gestures at you. You resist with significant effort. Grinder hits you.
* * * LOW HITPOINT WARNING * * *
You writhe in agony.
You die...

#.(##### #..#(.. #.(...#
#..... #.(... ##########
#.(... ..)......# #.(#.#
########.# #.5#.# #.#
#4@#.# #.# #.(#.# #.#
#..#.# #.# #....#
########.# #.(..####
.........######.#.......
#######.#...........####
# ##.###.####......(# #
#.## ##.........#...


You could see Grinder (ally target) and a friendly rust devil (summoned).

Vanquished Creatures
  Sigmund (D:3)
  A gnoll (D:1)
  3 adders
  A dart slug (D:2)
  4 orcs (D:3)
  4 bats
  13 endoplasms
  3 giant cockroaches
  11 goblins
  7 hobgoblins
  2 jackals (D:3)
  2 quokkas
  6 ball pythons
  A frilled lizard (D:2)
  8 kobolds
  4 rats
71 creatures vanquished.

Vanquished Creatures (collateral kills)
  An orc wizard (D:2)
  Robin (D:3)
  An orc (D:3)
  2 hobgoblins (D:3)
  A jackal (D:3)
  A ball python (D:3)
7 creatures vanquished.

Grand Total: 78 creatures vanquished

Notes
Turn   | Place    | Note
-------+----------+-------------------------------------------
     0 | D:1      | yokelz the Demonspawn Brigand began the quest for the Orb.
     0 | D:1      | Reached XP level 1. HP: 16/16 MP: 1/1
    43 | D:1      | Reached skill level 1 in Dodging
   151 | D:1      | Gained mutation: You are partially covered in yellow
                  | scales. (AC +2) [demonic ancestry]
   151 | D:1      | Reached XP level 2. HP: 17/22 MP: 2/2
   562 | D:1      | Gained mutation: A weak demonic guardian rushes to your
                  | aid. [demonic ancestry]
   562 | D:1      | Reached XP level 3. HP: 23/28 MP: 3/3
  1575 | D:2      | Reached skill level 4 in Stealth
  1684 | D:2      | Gained mutation: A demonic guardian rushes to your aid.
                  | [demonic ancestry]
  1684 | D:2      | Reached XP level 4. HP: 19/34 MP: 4/4
  2266 | D:2      | Found a faded altar of an unknown god.
  2266 | D:2      | Noticed a balrug
  2622 | D:3      | Got Rutwyan's Incunabulum of Dusty Sinister Magic
  2907 | D:3      | Noticed Robin
  2911 | D:3      | Reached XP level 5. HP: 35/40 MP: 5/5
  2927 | D:3      | Killed Robin
  3166 | D:3      | Noticed Sigmund
  3190 | D:3      | Killed Sigmund
  3191 | D:3      | Gained mutation: You have sharp fingernails. [demonic
                  | ancestry]
  3191 | D:3      | Reached XP level 6. HP: 47/47 MP: 6/6
  3266 | D:3      | Noticed Grinder
  3266 | D:3      | Paralysed by Grinder for 5 turns
  3285 | D:3      | Paralysed by Grinder for 5 turns
  3295 | D:3      | Paralysed by Grinder for 7 turns
  3299 | D:3      | HP: 2/47 [Grinder (4)]
  3301 | D:3      | Slain by Grinder

Illustrated notes

Levels and vault maps discovered:
D:1:      scummos_arrival_gate, layout_loops_corners, grunt_decor_fettered
D:2:      layout_basic, dreamdust_ecumenical_altar_sealed_demon,
          minmay_circled_x
D:3:      layout_loops_ring, gammafunk_ghost_cemetery, uniq_grinder, uniq_robin,
          uniq_natasha, uniq_sigmund

Skill      XL: |  1  2  3  4  5 |
---------------+----------------+-----
Dodging        | 1 2 |  2.6
Short Blades   | 2 3 |  3.0
Throwing       | 2 3 |  3.0
Stealth        | 4 |  4.6
Fighting       | 3 |  3.4

Action                   |  1- 3 |  4- 6 || total
-------------------------+-------+-------++-------
Melee: Dagger            |   155 |   107 ||   262
       Punch             |     1 |     1 ||     2
Throw: Dart              |       |    16 ||    16
       Javelin           |       |     6 ||     6
  Use: Potion            |       |     1 ||     1
 Stab: Sleeping          |     9 |       ||     9
Armor: Robe              |     5 |       ||     5
       Leather armour    |    48 |    28 ||    76
Dodge: Dodged            |    80 |    47 ||   127
